 Dungeon Crawl Stone Soup version 0.26-a0-707-g31817bcca1 (webtiles) character file.

Game seed: 1595184569705117333

31 Descartes the Covert (level 3, -1/17 HPs)
             Began as a Felid Delver on Oct 26, 2020.
             Was an Initiate of Dithmenos.
             Slain by an ufetubus (4 damage)
             ... on level 4 of the Dungeon.
             The game lasted 00:01:33 (588 turns).

Descartes the Covert (Felid Delver)                  Turns: 588, Time: 00:01:34

Health: -1/17      AC:  1    Str:  9    XL:     3   Next: 7%
Magic:  4/4        EV: 18    Int: 11    God:    Dithmenos [......]
Gold:   11         SH:  0    Dex: 17    Spells: 2/2 levels left
                                        Lives:  0   Deaths: 0

rFire    . . .     SeeInvis +     - Unarmed
rCold    . . .     Faith    .   (shield unavailable)
rNeg     . . .     Spirit   .   (armour unavailable)
rPois    .         Reflect  .   (helmet unavailable)
rElec    .         Harm     .   (cloak unavailable)
rCorr    .         Rampage  .   (gloves unavailable)
MR       .....                  (boots unavailable)
Stlth    ++++......             (no amulet)
HPRegen  0.05/turn              (no ring)
MPRegen  0.09/turn              (no ring)

@: hasted, very quick
A: very small, no armour, no weapons or thrown items, stealth, claws 1, fangs 3,
see invisible, speed 1, shaggy fur 1, sharp paws
a: Renounce Religion


You were on level 4 of the Dungeon.
You worshipped Dithmenos.
Dithmenos was noncommittal.
You visited 2 branches of the dungeon, and saw 3 of its levels.

You collected 11 gold pieces.

Inventory:

Wands
 e - a wand of digging (3)
Scrolls
 a - a scroll of fog
 c - a scroll of fear
 f - a scroll of identify {unknown}
 g - a scroll of teleportation {unknown}


   Skills:
 - Level 3.0 Fighting
 - Level 2.6 Dodging
 + Level 8.0 Stealth
 - Level 2.0 Unarmed Combat


You had 2 spell levels left.
You didn't know any spells.
Your spell library was empty.

Dungeon Overview and Level Annotations

Branches:
Dungeon (5/15)             Temple (1/1) D:5

Altars:
Ashenzari
Dithmenos
Fedhas
Hepliaklqana
Kikubaaqudgha
Makhleb
Nemelex Xobeh
Okawaru
Qazlal
Ru
Trog
Uskayaw
Vehumet
Yredelemnul
The Shining One

Annotations:
D:5 Edmund, Grinder


Innate Abilities, Weirdness & Mutations

You cannot wear armour.
You are incapable of wielding weapons or throwing items.
Your paws allow you to move quietly. (Stealth)
You have sharp claws.
You have razor-sharp teeth.
You have supernaturally acute eyesight. (SInv)
You cover ground quickly.
You are covered in fur. (AC +1)
Your sharp claws are effective at attacking unaware monsters.


Message History

Edmund misses you. The ufetubus closely misses you. The ufetubus hits you.
The bullfrog completely misses you.
A scorpion comes into view.
The frilled lizard closely misses you. The ufetubus completely misses you.
The ufetubus closely misses you.
There is a stone staircase leading up here.
The bullfrog misses you.
Edmund says, "A flail is better than a scythe, any day of the week!"
The ufetubus closely misses you. The ufetubus misses you.
The bullfrog hits you.
Edmund says, "What use are spells, anyway?"
You climb upwards.
There is a stone staircase leading down here.
Evoke which item? (* to show all) (? for menu, Esc to quit)
Okay, then.
You feel yourself speed up. The ufetubus barely misses you.
The ufetubus hits you.
* * * LOW HITPOINT WARNING * * *
The ufetubus closely misses you. The ufetubus hits you.
You die...

########.
#F.......
#5# #@#
#.# #.#
#.# #.#
... ##. .


You could see a bullfrog and an ufetubus.

Vanquished Creatures
  A hound (D:5)
1 creature vanquished.

Notes
Turn   | Place    | Note
-------+----------+-------------------------------------------
     0 | D:5      | Descartes the Felid Delver began the quest for the Orb.
     0 | D:5      | Reached XP level 1. HP: 10/10 MP: 2/2
     4 | D:5      | Found a hide-covered altar of Uskayaw.
    29 | D:5      | Found a stormy altar of Qazlal.
    29 | D:5      | Noticed a hound
    36 | D:5      | Killed a hound
    36 | D:5      | Reached skill level 8 in Stealth
    36 | D:5      | Reached XP level 2. HP: 14/14 MP: 3/3
    36 | D:5      | Reached XP level 3. HP: 17/17 MP: 4/4
    54 | D:5      | Found a staircase to the Ecumenical Temple.
    63 | Temple   | Entered the Ecumenical Temple
   103 | Temple   | Became a worshipper of Dithmenos the Shadowed
   474 | D:5      | Noticed Grinder
   482 | D:5      | Noticed a centaur
   569 | D:5      | Noticed a bullfrog
   570 | D:5      | Noticed Edmund
   580 | D:5      | Noticed a scorpion
   588 | D:4      | Slain by an ufetubus

Illustrated notes

Levels and vault maps discovered:
D:4:      kennysheep_kobold_camp, layout_loops_ring,
          chequers_temple_overflow_statue_of_worship,
          minmay_misc_feat_secret_circle, minmay_goblin_kobold_house
D:5:      layout_rooms, grunt_temple_overflow_open, minmay_temple_entry_slanted,
          gammafunk_ghost_stat_death, uniq_grinder, uniq_edmund
Temple:   minmay_temple_forest_path

Skill      XL: |  1 |
---------------+----+-----
Stealth        | 8 |  8.0
Fighting       | |  3.0
Dodging        | |  2.6
Unarmed Combat | |  2.0

Action                   || total
-------------------------++-------
Melee: Unarmed           ||     4
       Bite              ||     1
  Use: Scroll            ||     1
       Potion            ||     1
 Stab: Sleeping          ||     2
Dodge: Dodged            ||    14

Table legend: (Time is in decaauts)
 A = Elapsed time spent in this place.
 B = Non-inter-level travel time spent in this place.
 C = Inter-level travel time spent in this place.
 D = Time resting spent in this place.
 E = Time spent auto-exploring this place.
 F = Levels seen in this place.
 G = Mean time per level.
                   A        B        C        D        E       F      G
               +--------+--------+--------+--------+--------+-----+--------+
         Total |    473 |    454 |     19 |      0 |    297 |   3 |  157.7 |
       Dungeon |    148 |    148 |      0 |      0 |      0 |   2 |   74.0 |
        Temple |    325 |    306 |     19 |      0 |    297 |   1 |  325.0 |
               +--------+--------+--------+--------+--------+-----+--------+

Top non-repeatable levels by time:
  Temple: 325 daAuts
     D:5: 146 daAuts
     D:4: 1 daAuts
